[Event "Titled Tuesday Blitz July 25 Early 2023"]
[White "Martinez Alcantara, Jose Eduardo"]
[Black "Xu, Yi"]
[WhiteFideId "3805662"]
[BlackFideId "8605564"]
[WhiteElo "2984"]
[BlackElo "2739"]
[Result "1-0"]
[Round "3"]
[TimeControl "180+2"]
[Date "2023.07.25"]
[WhiteClock "0:00:30"]
[BlackClock "0:00:07"]
[Board "11"]

1. e4 e5 2. Nf3 Nf6 3. Nc3 Nc6 4. h3 Bb4 5. a3 Bxc3 6. dxc3 Nxe4 7. Nxe5 Nxe5 8. Qd4 O-O 9. Qxe4 d5 10. Qf4 Re8 11. Be3 Ng6 12. Qd4 c6 13. O-O-O Be6 14. h4 Ne7 15. g4 b6 16. Qf4 Qb8 17. Qf3 Qd6 18. h5 h6 19. g5 hxg5 20. Bxg5 Qe5 21. Rg1 Qe4 22. Qxe4 dxe4 23. h6 Ng6 24. Rd6 Rac8 25. Be2 gxh6 26. Bxh6 Red8 27. Rxe6 Kh7 28. Rexg6 fxg6 29. Be3 Rd5 30. b4 Kg7 31. c4 Rd6 32. c5 bxc5 33. Bxc5 Rd5 34. Be3 a5 35. c4 Rdd8 36. bxa5 c5 37. Rg5 Kf6 38. Rxc5 Rxc5 39. Bxc5 Ke5 40. Be3 Rc8 41. c5 Kd5 42. a6 Kc6 43. a4 Ra8 44. Bb5+ Kd5 45. c6 Kd6 46. Kc2 Rh8 47. a7 Kc7 48. Bf4+ Kb6 49. Bb8 Rf8 50. a8=Q Rxf2+ 51. Kb3 1-0


[Site "https://www.chess.com"]

[Event "Titled Tuesday Blitz July 25 Early 2023"]
[White "Bryakin, Mikhail"]
[Black "Movahed, Sina"]
[WhiteFideId "4165314"]
[BlackFideId "42520835"]
[WhiteElo "2739"]
[BlackElo "2976"]
[Result "0-1"]
[Round "3"]
[TimeControl "180+2"]
[Date "2023.07.25"]
[WhiteClock "0:00:05"]
[BlackClock "0:00:26"]
[Board "12"]

1. b3 Nf6 2. Bb2 c5 3. e4 Nxe4 4. Nf3 Nf6 5. g3 g6 6. Bg2 Bg7 7. O-O O-O 8. Re1 d5 9. d4 cxd4 10. Nxd4 Nc6 11. Nxc6 bxc6 12. Nd2 Bg4 13. Nf3 Bxf3 14. Qxf3 Nd7 15. Bxg7 Kxg7 16. Qc3+ Nf6 17. Qxc6 Rc8 18. Qa6 Qd7 19. Re2 Rc3 20. Rd1 Rfc8 21. Rdd2 e6 22. h3 h5 23. Qa5 R8c5 24. Qb4 Qc7 25. Qd4 a5 26. g4 hxg4 27. hxg4 g5 28. Re5 Kf8 29. Rxg5 Ke7 30. Rg7 Rxc2 31. Rxc2 Rxc2 32. g5 Nh5 33. Rh7 Rc1+ 34. Bf1 Qf4 35. Qxf4 Nxf4 36. Rh4 e5 37. f3 d4 38. Kf2 d3 39. Bxd3 Nxd3+ 40. Ke3 Nf4 41. Rh8 Re1+ 42. Kd2 Re2+ 43. Kc3 Rxa2 44. Ra8 Ne6 45. Ra7+ Kf8 46. g6 fxg6 47. Kc4 Nf4 48. Kc5 Rc2+ 49. Kd6 Rc3 50. Rxa5 Rxb3 51. Kxe5 Nh5 52. f4 Rf3 53. Ke6 Rxf4 54. Ra7 Rf6+ 55. Ke5 Rf7 56. Ra6 Kg7 57. Ra1 Rf5+ 58. Ke4 Rf4+ 59. Ke5 Rf7 60. Ke6 Nf6 61. Rg1 Nh7 62. Rh1 Ng5+ 63. Ke5 Rf5+ 64. Kd6 Nf7+ 65. Ke6 Re5+ 66. Kd7 Kf6 67. Rf1+ Rf5 68. Rg1 g5 69. Kc6 Ne5+ 70. Kd5 Ng6+ 71. Kd6 Rf4 72. Kd5 Kf5 73. Ra1 g4 74. Rg1 Rf3 0-1


[Site "https://www.chess.com"]

[Event "Titled Tuesday Blitz July 25 Early 2023"]
[White "Bok, Benjamin"]
[Black "Morefield, Jason"]
[WhiteFideId "1017063"]
[BlackFideId "30920825"]
[WhiteElo "2962"]
[BlackElo "2738"]
[Result "1-0"]
[Round "3"]
[TimeControl "180+2"]
[Date "2023.07.25"]
[WhiteClock "0:00:10"]
[BlackClock "0:00:17"]
[Board "13"]

1. d4 Nf6 2. c4 e6 3. Nc3 Bb4 4. Qc2 O-O 5. a3 Bxc3+ 6. Qxc3 d5 7. Bg5 h6 8. Bxf6 Qxf6 9. Nf3 dxc4 10. Qxc4 Nc6 11. Qc3 Bd7 12. e3 Rad8 13. Be2 Rfe8 14. O-O Bc8 15. Rfd1 Qe7 16. Rac1 Rd6 17. b4 a6 18. a4 e5 19. Nxe5 Nxe5 20. dxe5 Rc6 21. Qb2 Rxc1 22. Rxc1 c6 23. b5 axb5 24. axb5 Qxe5 25. Qxe5 Rxe5 26. bxc6 bxc6 27. Rxc6 Bf5 28. h3 Ra5 29. Bc4 Ra7 30. Kh2 Kh7 31. Rc5 Be4 32. f3 Bg6 33. Bd5 Re7 34. Rc3 f6 35. g4 Bf7 36. Be4+ Bg6 37. Bd5 Re5 38. e4 Re8 39. Kg3 h5 40. Rc7 hxg4 41. hxg4 Rb8 42. Rc1 Kh8 43. Rh1+ Bh7 44. Bf7 g5 45. Bg6 Rb7 46. Kf2 Kg8 47. Rxh7 Rxh7 48. Bxh7+ Kxh7 49. Ke3 Kg7 50. Kd4 Kf7 51. e5 Ke6 52. exf6 Kxf6 53. Kd5 1-0


[Site "https://www.chess.com"]

[Event "Titled Tuesday Blitz July 25 Early 2023"]
[White "Fantastic_Power"]
[Black "Anton Guijarro, David"]
[BlackFideId "2285525"]
[WhiteElo "2737"]
[BlackElo "2955"]
[Result "0-1"]
[Round "3"]
[TimeControl "180+2"]
[Date "2023.07.25"]
[WhiteClock "0:00:01"]
[BlackClock "0:00:04"]
[Board "14"]

1. e4 c6 2. d4 a6 3. Nc3 d5 4. Nf3 Bg4 5. h3 Bh5 6. e5 e6 7. Bd3 c5 8. dxc5 Bxc5 9. O-O Nc6 10. Bf4 Nge7 11. Re1 b5 12. a3 Qb6 13. Bg3 Nd4 14. Be2 Nxe2+ 15. Qxe2 Rc8 16. Bh2 Bxf3 17. Qxf3 Bd4 18. Ne2 Bxb2 19. Rab1 Bd4 20. a4 O-O 21. axb5 axb5 22. Bg3 Nf5 23. Qd3 Rc4 24. Nxd4 Nxd4 25. c3 Nf5 26. Bh2 Rfc8 27. Rb3 Qa5 28. Rf1 h5 29. f3 h4 30. Kh1 Rxc3 31. Qxb5 Qxb5 32. Rxb5 Rc2 33. Rbb1 Re2 34. Rbc1 Rxc1 35. Rxc1 g5 36. Bg1 Rxe5 37. Rc8+ Kg7 38. Bf2 Re2 39. Kg1 Ra2 40. Rb8 e5 41. Rb5 Rd2 42. Kf1 Ng3+ 43. Kg1 f6 44. Rb7+ Kg6 45. Bc5 Rd1+ 46. Kf2 d4 47. Bxd4 exd4 48. Rg7+ Kxg7 49. f4 Rf1# 0-1


[Site "https://www.chess.com"]

[Event "Titled Tuesday Blitz July 25 Early 2023"]
[White "Kovalev, Vladislav"]
[Black "Skvortsov, Andrei"]
[WhiteFideId "13504398"]
[BlackFideId "24108600"]
[WhiteElo "2953"]
[BlackElo "2736"]
[Result "1-0"]
[Round "3"]
[TimeControl "180+2"]
[Date "2023.07.25"]
[WhiteClock "0:00:05"]
[BlackClock "0:00:03"]
[Board "15"]

1. e4 d5 2. exd5 Qxd5 3. Nc3 Qe5+ 4. Be2 Bg4 5. d4 Bxe2 6. Ngxe2 Qa5 7. b4 Qh5 8. Qd3 e6 9. Qg3 Nd7 10. Qxc7 Bxb4 11. Qxb7 Rb8 12. Qxa7 Ngf6 13. Bf4 Rc8 14. Qb7 Bxc3+ 15. Nxc3 O-O 16. Bd2 Rc4 17. O-O Rfc8 18. a4 Rb8 19. Qa7 Qf5 20. Rac1 Rcc8 21. Qa6 Qg4 22. Qd3 Rb4 23. Rfd1 Rxd4 24. Qg3 Qf5 25. Be1 Rg4 26. Qe3 h5 27. h3 Rgc4 28. Ne2 Rxc2 29. Nd4 Rxc1 30. Rxc1 Rxc1 31. Nxf5 Ra1 32. Ne7+ Kf8 33. Nc6 Nd5 34. Qd2 N7f6 35. Kh2 Rxa4 36. Qb2 Ra8 37. Qb7 Re8 38. Bb4+ Kg8 39. Bd6 Ne4 40. Be5 Nxf2 41. Qb3 Ne4 42. Qf3 Nef6 43. Bxf6 Nxf6 44. Ne5 Rd8 45. Qb7 Rf8 46. Qe7 Nd5 47. Qb7 g6 48. g4 hxg4 49. hxg4 Nf6 50. Kg3 Kg7 51. g5 Nd5 52. Kg4 Ne3+ 53. Kf4 Nf5 54. Qb2 Kg8 55. Ng4 Rd8 56. Nh6+ Kf8 57. Qh8+ Ke7 58. Qf6+ Ke8 59. Qxf7# 1-0


[Site "https://www.chess.com"]

[Event "Titled Tuesday Blitz July 25 Early 2023"]
[White "Terry, Renato"]
[Black "Timmermans, Mark"]
[WhiteFideId "3803457"]
[BlackFideId "1026399"]
[WhiteElo "2949"]
[BlackElo "2735"]
[Result "1-0"]
[Round "3"]
[TimeControl "180+2"]
[Date "2023.07.25"]
[WhiteClock "0:00:02"]
[BlackClock "0:00:10"]
[Board "16"]

1. d4 Nf6 2. Nf3 e6 3. c4 d5 4. e3 Be7 5. b3 O-O 6. Bd3 dxc4 7. bxc4 c5 8. O-O b6 9. Bb2 Bb7 10. Qe2 Nbd7 11. Rd1 cxd4 12. exd4 Re8 13. Nbd2 Qc7 14. Rac1 Rad8 15. Nf1 Nf8 16. Ne5 Ng6 17. Nxg6 hxg6 18. Ng3 Bd6 19. Re1 Bb4 20. Red1 Qf4 21. Qe3 Qh4 22. h3 Bd6 23. Rc2 g5 24. c5 Bf4 25. Qe1 g4 26. c6 gxh3 27. cxb7 Ng4 28. Nf1 hxg2 29. Kxg2 Qg5 30. Ng3 Bxg3 31. fxg3 Ne3+ 32. Kf2 Nxd1+ 33. Qxd1 Qd5 34. Qf3 Qxa2 35. Bb5 Re7 36. Bd3 Qd5 37. Qxd5 exd5 38. Rc8 1-0


[Site "https://www.chess.com"]

[Event "Titled Tuesday Blitz July 25 Early 2023"]
[White "Csonka, Balazs"]
[Black "Ibarra Jerez, Jose Carlos"]
[WhiteFideId "742910"]
[BlackFideId "2226332"]
[WhiteElo "2733"]
[BlackElo "2947"]
[Result "1-0"]
[Round "3"]
[TimeControl "180+2"]
[Date "2023.07.25"]
[WhiteClock "0:00:06"]
[BlackClock "0:00:05"]
[Board "17"]

1. d4 Nf6 2. c4 d6 3. Nf3 g6 4. g3 Bf5 5. Nh4 Bd7 6. Bg2 Nc6 7. O-O Bg7 8. Nc3 O-O 9. b3 a6 10. Bb2 Rb8 11. Rc1 e5 12. dxe5 Nxe5 13. Nf3 Nxf3+ 14. Bxf3 b5 15. Qd3 Bf5 16. e4 Bh3 17. Rfd1 Nd7 18. Qe2 bxc4 19. Qxc4 Ne5 20. Qe2 Qf6 21. Rd3 Nxd3 22. Qxd3 Rfe8 23. Rc2 Qg5 24. Qxa6 Bd4 25. Qd3 c5 26. Bg2 Bd7 27. h4 Qe5 28. Kh2 Bc6 29. Re2 Qe7 30. Qd1 Qf6 31. Qe1 c4 32. b4 Qg7 33. a3 Re7 34. Nd1 Rbe8 35. Bxd4 Qxd4 36. Qc3 Qe5 37. Qxe5 Rxe5 38. Nc3 f5 39. Rd2 Bxe4 40. Bxe4 fxe4 41. Rxd6 e3 42. fxe3 Rxe3 43. Nd5 Re2+ 44. Kh3 Kf7 45. Nf4 R2e3 46. Rd7+ R8e7 47. Rd4 Rc7 48. Nd5 Rd7 49. Rf4+ Ke6 50. Nxe3 c3 51. Rc4 Rd3 52. Ng4 Kd5 53. Rc5+ Kd4 54. a4 Rd2 55. a5 Rb2 56. a6 Rxb4 57. a7 Ra4 58. Rc7 h5 59. Nf2 Ke3 60. Nd1+ Ke2 61. Nxc3+ Kf1 62. Nxa4 1-0


[Site "https://www.chess.com"]

[Event "Titled Tuesday Blitz July 25 Early 2023"]
[White "Amilal Munkhdalai"]
[Black "Sjugirov, Sanan"]
[WhiteFideId "4903250"]
[BlackFideId "4189302"]
[WhiteElo "2732"]
[BlackElo "2942"]
[Result "1/2-1/2"]
[Round "3"]
[TimeControl "180+2"]
[Date "2023.07.25"]
[WhiteClock "0:01:49"]
[BlackClock "0:00:06"]
[Board "18"]

1. e4 c5 2. Nf3 d6 3. d4 cxd4 4. Nxd4 Nf6 5. f3 e5 6. Nb3 Be7 7. c4 a5 8. Be3 a4 9. Nc1 O-O 10. Nc3 Qa5 11. Qd2 Nc6 12. Be2 Be6 13. Nd5 Bd8 14. Nd3 Nd7 15. Qxa5 Nxa5 16. Rc1 Rc8 17. N3b4 Nc6 18. Kf2 Nxb4 19. Nxb4 Ba5 20. Nd5 Bxd5 21. cxd5 Bb6 22. Bxb6 Nxb6 23. Bb5 f6 24. Ke3 Kf7 25. Kd2 Ke7 26. Rxc8 Rxc8 27. Rc1 Rc5 28. Rxc5 dxc5 29. a3 Kd6 30. Kc3 f5 31. Kd3 fxe4+ 32. fxe4 Ke7 33. Ke3 Kd6 34. Kd3 Ke7 35. h4 Kd6 36. Ke3 Ke7 37. Kd3 Kd6 38. Ke3 Ke7 39. Kd3 1/2-1/2


[Site "https://www.chess.com"]

[Event "Titled Tuesday Blitz July 25 Early 2023"]
[White "ChessBrah"]
[Black "De Silva, L M S T"]
[BlackFideId "9953698"]
[WhiteElo "2936"]
[BlackElo "2725"]
[Result "0-1"]
[Round "3"]
[TimeControl "180+2"]
[Date "2023.07.25"]
[WhiteClock "0:00:09"]
[BlackClock "0:00:22"]
[Board "19"]

1. b3 e5 2. Bb2 Nc6 3. e3 Nf6 4. Bb5 Bd6 5. Ne2 O-O 6. Ng3 a6 7. Bxc6 dxc6 8. O-O Qe7 9. d3 Ng4 10. h3 Nh6 11. e4 f5 12. exf5 Nxf5 13. Nxf5 Bxf5 14. Nd2 Rf6 15. Nc4 Raf8 16. Nxd6 cxd6 17. Qf3 Be6 18. Qe3 Rg6 19. Kh2 Qh4 20. c4 c5 21. Rae1 Rf4 22. Re2 Bd7 23. Rg1 Bc6 24. Bxe5 dxe5 25. Qxe5 Rxf2 26. b4 Rxe2 27. Qxe2 Qg3+ 0-1


[Site "https://www.chess.com"]

[Event "Titled Tuesday Blitz July 25 Early 2023"]
[White "Suyarov, Mukhammadzokhid"]
[Black "Megaranto, Susanto"]
[WhiteFideId "14210495"]
[BlackFideId "7101384"]
[WhiteElo "2722"]
[BlackElo "2935"]
[Result "1/2-1/2"]
[Round "3"]
[TimeControl "180+2"]
[Date "2023.07.25"]
[WhiteClock "0:00:14"]
[BlackClock "0:00:04"]
[Board "20"]

1. d4 d5 2. Nc3 c6 3. Bf4 Bf5 4. f3 e6 5. e4 Bg6 6. h4 h5 7. Nge2 Nf6 8. Bg5 Be7 9. Nf4 Bh7 10. e5 Nfd7 11. Nxh5 Bg6 12. Ng3 Bxg5 13. hxg5 Rxh1 14. Nxh1 Qxg5 15. Qd2 Qxd2+ 16. Kxd2 a6 17. b3 c5 18. dxc5 Nc6 19. f4 Nxc5 20. Nf2 O-O-O 21. Bd3 Rh8 22. Bxg6 fxg6 23. Rh1 Rf8 24. Ne2 g5 25. Rh7 gxf4 26. Rxg7 Nxe5 27. b4 Ne4+ 28. Nxe4 dxe4 29. Nd4 f3 30. gxf3 exf3 31. Ke1 f2+ 32. Kf1 Nc4 33. Rc7+ Kxc7 34. Nxe6+ Kd6 35. Nxf8 Ne3+ 36. Kxf2 Nxc2 37. b5 a5 38. Ke2 Kc5 39. Kd3 Nb4+ 40. Kc3 Nxa2+ 41. Kb3 Nb4 42. Ka4 b6 43. Nd7+ Kd6 44. Nxb6 Nc2 45. Nc4+ Kc5 46. Ne5 Nd4 47. Nd7+ Kd6 48. Kxa5 Nxb5 1/2-1/2


[Site "https://www.chess.com"]

[Event "Titled Tuesday Blitz July 25 Early 2023"]
[White "realmadridfc123"]
[Black "Hovhannisyan, Robert"]
[BlackFideId "13302507"]
[WhiteElo "2720"]
[BlackElo "2929"]
[Result "0-1"]
[Round "3"]
[TimeControl "180+2"]
[Date "2023.07.25"]
[WhiteClock "0:00:04"]
[BlackClock "0:00:39"]
[Board "21"]

1. c4 e5 2. Nc3 Bb4 3. Nf3 Bxc3 4. dxc3 Nc6 5. g3 d6 6. Bg2 f5 7. O-O Nf6 8. b3 O-O 9. a4 a5 10. Ba3 Qe8 11. Ne1 f4 12. e3 Bg4 13. Qd2 fxg3 14. fxg3 Qh5 15. Nd3 Bh3 16. Bxh3 Qxh3 17. Qg2 Qxg2+ 18. Kxg2 Ne4 19. Nf2 Nxf2 20. Rxf2 b6 21. Raf1 Rxf2+ 22. Rxf2 Nd8 23. e4 Ne6 24. Kf3 Kf7 25. Ke3+ Ke7 26. Kd3 h5 27. h4 Rg8 28. b4 Ra8 29. c5 axb4 30. cxd6+ cxd6 31. Bxb4 Rxa4 32. Rf5 g6 33. Rxe5 Rxb4 34. Rxe6+ Kxe6 35. cxb4 Ke5 36. Ke3 b5 37. Kd3 d5 38. exd5 Kxd5 39. Ke3 Kc4 40. Kf4 Kxb4 41. Kg5 Kc5 42. Kxg6 b4 43. Kxh5 b3 44. g4 b2 45. g5 b1=Q 46. Kh6 Kd6 47. g6 Ke7 48. h5 0-1


[Site "https://www.chess.com"]

[Event "Titled Tuesday Blitz July 25 Early 2023"]
[White "Aravindh, Chithambaram VR."]
[Black "Darini, Pouria"]
[WhiteFideId "5072786"]
[BlackFideId "12502200"]
[WhiteElo "2926"]
[BlackElo "2718"]
[Result "1-0"]
[Round "3"]
[TimeControl "180+2"]
[Date "2023.07.25"]
[WhiteClock "0:00:05"]
[BlackClock "0:00:08"]
[Board "22"]

1. b3 d5 2. Bb2 c6 3. e3 Nf6 4. Nf3 Bf5 5. c4 e6 6. Nc3 Be7 7. Be2 h6 8. O-O Nbd7 9. d4 Ne4 10. h3 a5 11. Bd3 Ndf6 12. Ne5 O-O 13. Ne2 a4 14. bxa4 Qa5 15. c5 Qxa4 16. g4 Bh7 17. h4 Qb4 18. Qc2 Qa4 19. Rfc1 Nxg4 20. Nxg4 f5 21. Ne5 Bxh4 22. Rf1 Qxc2 23. Bxc2 Bf6 24. f3 Nd2 25. Rf2 Bxe5 26. dxe5 Nc4 27. Bd4 Ra3 28. Nf4 Nxe3 29. Bb3 Kf7 30. Bxe3 g5 31. Ne2 f4 32. Bd4 Bd3 33. Rc1 Rfa8 34. Rh2 Kg6 35. Kf2 Bxe2 36. Rch1 Bd3 37. Rxh6+ Kg7 38. Ke1 Rxb3 39. axb3 Ra2 40. Rxe6 g4 41. fxg4 f3 42. Rf6 Re2+ 43. Kd1 Bc2+ 44. Kc1 Be4 45. e6 f2 46. Rxf2+ Kg6 47. Rxe2 Kg5 48. e7 Bxh1 49. e8=Q 1-0


[Site "https://www.chess.com"]

[Event "Titled Tuesday Blitz July 25 Early 2023"]
[White "Madaminov, Mukhiddin"]
[Black "Liyanage, Ranindu Dilshan"]
[WhiteFideId "14210703"]
[BlackFideId "9915834"]
[WhiteElo "2924"]
[BlackElo "2718"]
[Result "1-0"]
[Round "3"]
[TimeControl "180+2"]
[Date "2023.07.25"]
[WhiteClock "0:01:17"]
[BlackClock "0:00:13"]
[Board "23"]

1. e4 c5 2. Nf3 Nc6 3. Nc3 Nf6 4. Bb5 Qc7 5. O-O Nd4 6. Re1 Ng4 7. g3 Nxf3+ 8. Qxf3 Ne5 9. Qd1 a6 10. Bf1 e6 11. Bg2 Be7 12. d3 h5 13. f4 Nc6 14. h3 d6 15. a4 Bd7 16. Be3 Nd4 17. a5 Bc6 18. Ne2 Nxe2+ 19. Qxe2 h4 20. g4 O-O-O 21. c3 d5 22. b4 d4 23. cxd4 cxd4 24. Bd2 g5 25. Rac1 gxf4 26. e5 Kb8 27. Rf1 Ka7 28. Rc4 f3 29. Bxf3 Bxf3 30. Rxf3 Qd7 31. Rxf7 Rdf8 32. Rxf8 Rxf8 33. Qe4 Qa4 34. Qxd4+ Ka8 35. Rc1 Qa2 36. Be3 1-0


[Site "https://www.chess.com"]

[Event "Titled Tuesday Blitz July 25 Early 2023"]
[White "Williams, Simon K"]
[Black "Tari, Aryan"]
[WhiteFideId "404454"]
[BlackFideId "1510045"]
[WhiteElo "2717"]
[BlackElo "2912"]
[Result "0-1"]
[Round "3"]
[TimeControl "180+2"]
[Date "2023.07.25"]
[WhiteClock "0:00:03"]
[BlackClock "0:00:21"]
[Board "24"]

1. f4 b6 2. Nf3 Bb7 3. e3 g6 4. Be2 Bg7 5. O-O c5 6. d3 d6 7. e4 Nc6 8. c3 Qd7 9. Kh1 Nf6 10. Qe1 c4 11. Na3 cxd3 12. Bxd3 O-O 13. f5 d5 14. e5 Ne4 15. Qh4 Nxe5 16. Nxe5 Bxe5 17. Bh6 Bf6 18. Qh3 Rfd8 19. Nc2 Nc5 20. Be2 Qa4 21. Nd4 Bxd4 22. cxd4 Qxd4 23. fxg6 hxg6 24. Rad1 Qe5 25. Bg4 Ne4 26. Bf4 Qg7 27. Bf3 d4 28. Bxe4 Bxe4 29. Qg3 Rd5 30. Rfe1 f5 31. h4 Rc8 32. h5 gxh5 33. Qh2 Rc2 34. Rg1 Qg4 35. Rdf1 h4 0-1


[Site "https://www.chess.com"]

[Event "Titled Tuesday Blitz July 25 Early 2023"]
[White "Zhigalko, Sergei"]
[Black "Klekowski, Maciej"]
[WhiteFideId "13502956"]
[BlackFideId "1132717"]
[WhiteElo "2904"]
[BlackElo "2715"]
[Result "0-1"]
[Round "3"]
[TimeControl "180+2"]
[Date "2023.07.25"]
[WhiteClock "0:00:01"]
[BlackClock "0:00:04"]
[Board "25"]

1. e4 c5 2. Nf3 e6 3. c3 Nf6 4. e5 Nd5 5. Bc4 Nc6 6. d4 cxd4 7. cxd4 d6 8. O-O Be7 9. Bd2 O-O 10. Nc3 Nb6 11. Bb3 dxe5 12. dxe5 Nd4 13. Be3 Nf5 14. Qe2 Bd7 15. Rad1 Nxe3 16. Qxe3 Qe8 17. Ng5 Bxg5 18. Qxg5 Bc6 19. Rd3 h6 20. Qg4 g6 21. Qh4 Kh7 22. Rh3 h5 23. Bc2 Kg8 24. Rg3 Nd7 25. Qxh5 Kg7 26. Qg5 Rh8 27. Re1 Qd8 28. Qf4 Qh4 29. Rg4 Qe7 30. h3 Rh5 31. b4 Rah8 32. b5 Bd5 33. Qg3 Nf8 34. a4 Rh4 35. Bd3 Rxg4 36. Qxg4 Rh4 37. Qg3 Rb4 38. Be4 Bc4 39. Qf4 b6 40. Bf3 Bd5 41. Qe3 Bxf3 42. Qxf3 Nd7 43. Qg3 Qc5 44. Ne4 Qxe5 45. Qxe5+ Nxe5 46. Nd6 Nc4 47. Ne4 Rxa4 48. Rd1 Ne5 49. Nd6 Ra5 50. Rc1 Kf6 51. Rc7 Ra1+ 52. Kh2 Rd1 53. Ne8+ Kf5 54. Rxa7 Rd5 55. Rb7 Nc4 56. Rc7 Nd6 0-1


[Site "https://www.chess.com"]

[Event "Titled Tuesday Blitz July 25 Early 2023"]
[White "Turayev, Shahruh"]
[Black "Galchenko, Matvey"]
[WhiteFideId "14003856"]
[BlackFideId "24175480"]
[WhiteElo "2712"]
[BlackElo "2898"]
[Result "0-1"]
[Round "3"]
[TimeControl "180+2"]
[Date "2023.07.25"]
[WhiteClock "0:00:17"]
[BlackClock "0:00:43"]
[Board "26"]

1. e4 e6 2. Nc3 d5 3. exd5 exd5 4. d4 c6 5. Bd3 Bd6 6. Qf3 h6 7. Nge2 Nf6 8. h3 O-O 9. Bf4 b5 10. g4 Bxf4 11. Qxf4 Re8 12. f3 Nbd7 13. h4 Nb6 14. h5 Nfd7 15. Qf5 Nf8 16. Qf4 b4 17. Nd1 Ne6 18. Qf5 Ng5 19. Qf4 a5 20. Kf2 Ba6 21. Ne3 Bxd3 22. cxd3 Ne6 23. Qf5 c5 24. dxc5 Nxc5 25. d4 Qe7 26. dxc5 Qxe3+ 27. Kg3 Qxc5 28. Nf4 Qd6 29. Rad1 Rad8 30. g5 Re5 31. Qxe5 Qxe5 32. gxh6 Qg5+ 0-1


[Site "https://www.chess.com"]

[Event "Titled Tuesday Blitz July 25 Early 2023"]
[White "Goroshkov, Maksym"]
[Black "Iturrizaga Bonelli, Eduardo"]
[WhiteFideId "14142716"]
[BlackFideId "3901211"]
[WhiteElo "2707"]
[BlackElo "2889"]
[Result "0-1"]
[Round "3"]
[TimeControl "180+2"]
[Date "2023.07.25"]
[WhiteClock "0:00:31"]
[BlackClock "0:00:35"]
[Board "27"]

1. e4 c5 2. d4 cxd4 3. c3 Nf6 4. e5 Nd5 5. Bc4 Nb6 6. Bb3 Nc6 7. cxd4 g6 8. Nf3 Bg7 9. O-O O-O 10. Re1 d6 11. exd6 Qxd6 12. Be3 Na5 13. Nc3 Nxb3 14. axb3 Be6 15. Ng5 Bd5 16. Nge4 Qc6 17. f3 Rfd8 18. Ra5 a6 19. Rc5 Qd7 20. Bf2 Rac8 21. Rxc8 Qxc8 22. Nc5 e6 23. Qa1 Bc6 24. Qa5 Nd5 25. Nxd5 Rxd5 26. Qb6 h6 27. Nd3 Rb5 28. Qa7 Rxb3 29. Nc5 Rxb2 30. Bg3 Bxd4+ 31. Kh1 Bd5 32. Bd6 Rc2 33. Ne4 Bxa7 34. Nf6+ Kg7 35. Be5 Bb8 36. Ba1 e5 37. Nxd5 Rc1 0-1


[Site "https://www.chess.com"]

[Event "Titled Tuesday Blitz July 25 Early 2023"]
[White "Kovalenko, Igor"]
[Black "Gubajdullin, Alexei"]
[WhiteFideId "14117908"]
[BlackFideId "4141202"]
[WhiteElo "2884"]
[BlackElo "2706"]
[Result "1-0"]
[Round "3"]
[TimeControl "180+2"]
[Date "2023.07.25"]
[WhiteClock "0:01:50"]
[BlackClock "0:02:13"]
[Board "28"]

1. d4 Nf6 2. Bf4 d6 3. Nc3 Nbd7 4. Nf3 g6 5. e4 Bg7 6. Qd2 O-O 7. O-O-O c6 8. e5 Ne8 9. Bh6 Qa5 10. Bxg7 Kxg7 11. Qg5 dxe5 12. dxe5 Nxe5 13. Qxe5+ 1-0


[Site "https://www.chess.com"]

[Event "Titled Tuesday Blitz July 25 Early 2023"]
[White "Leon Oquendo, Jorge"]
[Black "Harsha Bharathakoti"]
[WhiteFideId "3514803"]
[BlackFideId "5078776"]
[WhiteElo "2706"]
[BlackElo "2875"]
[Result "0-1"]
[Round "3"]
[TimeControl "180+2"]
[Date "2023.07.25"]
[WhiteClock "0:00:03"]
[BlackClock "0:00:04"]
[Board "29"]

1. d4 Nf6 2. c4 c5 3. d5 e6 4. Nc3 exd5 5. cxd5 d6 6. Nf3 g6 7. h3 Bg7 8. Bf4 a6 9. a4 O-O 10. e3 Ne8 11. Be2 Nd7 12. O-O Ne5 13. Nd2 Rb8 14. Bh2 Qe7 15. Qc2 Nc7 16. f4 Nd7 17. e4 b5 18. axb5 axb5 19. Ra7 Qd8 20. e5 dxe5 21. d6 Ne6 22. fxe5 Nxe5 23. Nxb5 Bd7 24. Nc3 Nd4 25. Qc1 Qb6 26. Rxd7 Nxd7 27. Nc4 Nxe2+ 28. Nxe2 Qc6 29. Nc3 Rb4 30. Ne3 Nb6 31. Kh1 h5 32. Qd2 Rd4 33. Qf2 Nc8 34. Nc2 Nxd6 35. Nxd4 cxd4 36. Bxd6 Qxd6 37. Ne4 Qe5 38. Qf3 Kh8 39. b4 Qb5 40. Rb1 d3 41. Nc5 d2 42. Qd3 Qxd3 43. Nxd3 Rc8 44. Kh2 Rc3 45. Nf2 Be5+ 46. g3 Bxg3+ 47. Kg2 Bxf2 48. Kxf2 Rc1 0-1


[Site "https://www.chess.com"]

[Event "Titled Tuesday Blitz July 25 Early 2023"]
[White "Marek, Matyas"]
[Black "Bernadskiy, Vitaliy"]
[WhiteFideId "335398"]
[BlackFideId "14100371"]
[WhiteElo "2705"]
[BlackElo "2866"]
[Result "0-1"]
[Round "3"]
[TimeControl "180+2"]
[Date "2023.07.25"]
[WhiteClock "0:00:01"]
[BlackClock "0:01:16"]
[Board "30"]

1. Nf3 d5 2. g3 Nf6 3. Bg2 e6 4. O-O Be7 5. d3 O-O 6. Nbd2 c5 7. e4 Nc6 8. Re1 b5 9. e5 Ne8 10. Nf1 a5 11. h4 b4 12. h5 a4 13. a3 bxa3 14. bxa3 Nc7 15. h6 g6 16. c4 Na5 17. N3d2 Bb7 18. Ne3 Qd7 19. Rb1 Bc6 20. Ng4 Rfd8 21. Qf3 dxc4 22. Ne4 Qxd3 23. Ngf6+ Kh8 24. Ng5 Rf8 25. Qf4 Bxg2 26. Kxg2 Qxb1 27. Nge4 Nd5 28. Nxd5 exd5 29. Nd6 f6 30. Be3 Qb6 31. Rd1 d4 32. exf6 Bxd6 0-1


[Site "https://www.chess.com"]

[Event "Titled Tuesday Blitz July 25 Early 2023"]
[White "Grandelius, Nils"]
[Black "Djokic, Mihailo"]
[WhiteFideId "1710400"]
[BlackFideId "976440"]
[WhiteElo "2864"]
[BlackElo "2703"]
[Result "1-0"]
[Round "3"]
[TimeControl "180+2"]
[Date "2023.07.25"]
[WhiteClock "0:01:22"]
[BlackClock "0:01:18"]
[Board "31"]

1. d4 Nf6 2. Nf3 g6 3. g3 Bg7 4. Bg2 O-O 5. O-O d6 6. Re1 c5 7. dxc5 dxc5 8. Qxd8 Rxd8 9. c3 Nc6 10. Be3 Nd7 11. Ng5 Nce5 12. Na3 Rb8 13. Rad1 Rf8 14. h3 b6 15. f4 f6 16. Ne6 Nf7 17. Nxf8 Nxf8 18. Nb5 a6 19. Na7 Bb7 20. Nc6 Re8 21. b4 cxb4 22. cxb4 b5 23. Bc5 Nd6 24. Nxe7+ Rxe7 25. Bxd6 Rf7 26. Bxb7 Rxb7 27. Bxf8 Bxf8 28. a3 a5 29. Rd5 axb4 30. axb4 Bxb4 31. Rb1 Bc3 32. Rdxb5 Re7 33. Rb8+ Kg7 34. R1b7 Bd4+ 35. Kg2 1-0


[Site "https://www.chess.com"]

[Event "Titled Tuesday Blitz July 25 Early 2023"]
[White "Panesar Vedant"]
[Black "Kazakouski, Valery"]
[WhiteFideId "35033018"]
[BlackFideId "13507443"]
[WhiteElo "2701"]
[BlackElo "2863"]
[Result "1/2-1/2"]
[Round "3"]
[TimeControl "180+2"]
[Date "2023.07.25"]
[WhiteClock "0:00:32"]
[BlackClock "0:00:04"]
[Board "32"]

1. d4 Nf6 2. c4 e6 3. g3 d5 4. Bg2 dxc4 5. Nf3 c6 6. O-O b5 7. Ne5 Bb7 8. a4 a6 9. b3 cxb3 10. Qxb3 Qxd4 11. Bb2 Qb4 12. Qc2 Qc5 13. Qd3 Be7 14. Rc1 Qd6 15. Qb3 O-O 16. Rd1 Qc7 17. Nd2 Nbd7 18. Nxd7 Nxd7 19. Qf3 Rab8 20. Qh5 Nf6 21. Be5 Nxh5 22. Bxc7 Rbc8 23. Bb6 Nf6 24. axb5 axb5 25. Ra7 Rb8 26. Bc7 Bc5 27. Bxb8 Rxb8 28. Ra2 Nd5 29. Rc1 Bf8 30. Nb3 b4 31. Bxd5 cxd5 32. Ra7 f6 33. Kf1 e5 34. Ke1 d4 35. Ra5 Bc8 36. Rb1 Be6 37. Kd2 Rc8 38. Ra6 Bf7 39. Nc1 h5 40. Rb6 Be7 41. Nd3 b3 42. Nc1 Bc5 43. Rb5 Bc4 44. Rb7 Bd5 45. Rb5 Bc4 46. Rb7 Ba6 47. Rd7 Bb5 48. Rb7 Ba6 49. Rd7 Bb5 50. Rb7 Ba6 1/2-1/2


[Site "https://www.chess.com"]